 Dungeon Crawl Stone Soup version 0.23-b1-6-ga921848 (webtiles) character file.

Game seed: 4416441570744873231

2001 Flaz the Slicer (level 9, -5/71 HPs)
             Began as a Ghoul Fighter on Feb 1, 2019.
             Was a Believer of Okawaru.
             Slain by Prince Ribbit (13 damage)
             ... on level 5 of the Dungeon on Feb 2, 2019.
             The game lasted 00:34:45 (6679 turns).

Flaz the Slicer (Ghoul Fighter)                     Turns: 6679, Time: 00:34:46

Health: -5/71      AC:  4    Str: 23    XL:     9   Next: 22%
Magic:  6/8        EV: 13    Int:  3    God:    Okawaru [**....]
Gold:   87         SH:  0    Dex:  8    Spells: 8/8 levels left

rFire    . . .     SeeInvis .   C - +1 shortbow (flame)
rCold    + . .     Gourm    .   (shield currently unavailable)
rNeg     + + +     Faith    .   g - +2 robe {MR+}
rPois    ∞         Spirit   .   (no helmet)
rElec    .         Reflect  .   (no cloak)
rCorr    .         Harm     .   (no gloves)
MR       ++...                  (no boots)
Stlth    ++........             o - amulet of regeneration
HPRegen  0.00/turn              E - ring of flight
MPRegen  0.11/turn              w - ring of protection from magic

@: heroism, rotting
A: rotting body, claws 1, carnivore, cold resistance 1, negative energy
resistance 3, inhibited regeneration, torment resistance, unbreathing
a: Heroism, Renounce Religion, Evoke Flight


You were on level 5 of the Dungeon.
You worshipped Okawaru.
Okawaru was pleased with you.
You were not hungry.

You visited 2 branches of the dungeon, and saw 8 of its levels.

You collected 301 gold pieces.
You spent 214 gold pieces at shops.

Inventory:

Hand Weapons
 a - a +0 rapier
 h - a +3 dagger of speed
 i - a +0 dagger of freezing
 y - a +1 hand axe of flaming
 B - a +0 dagger of draining
 C - a +1 shortbow of flaming (weapon)
 F - a +0 long sword
Missiles
 s - 15 poisoned needles
 u - 4 needles of paralysis
 D - 53 arrows (quivered)
Armour
 b - a +0 scale mail
 c - a +0 shield
 g - a +2 robe of magic resistance (worn)
Jewellery
 l - an uncursed ring of resist corrosion
 o - an amulet of regeneration (around neck)
 r - a +4 ring of intelligence
 w - a ring of protection from magic (right claw)
 E - a ring of flight (left claw)
Wands
 e - a wand of digging (3)
Scrolls
 j - 2 scrolls of magic mapping
 k - a scroll of enchant weapon {unknown}
 m - 4 scrolls of remove curse
 q - a scroll of fog
 t - 2 scrolls of amnesia {unknown}
 v - a scroll of blinking
 A - a scroll of identify
 G - a scroll of torment
Potions
 d - 2 potions of might
 n - 4 potions of agility
 p - a potion of curing
 z - a potion of flight {unknown}
Comestibles
 f - 10 rations


   Skills:
 - Level 4.0(9.0) Fighting
 + Level 10.5(15.5) Short Blades
 - Level 0.6(5.6) Bows
 - Level 3.0(8.0) Armour
 - Level 2.6(7.6) Shields
 - Level 0.1 Invocations


You had 8 spell levels left.
You didn't know any spells.
Your spell library was empty.

Dungeon Overview and Level Annotations

Branches:
Dungeon (7/15)             Temple (1/1) D:5

Altars:
Ashenzari
Cheibriados
Dithmenos
Elyvilon
Fedhas
Gozag
Hepliaklqana
Kikubaaqudgha
Makhleb
Nemelex Xobeh
Okawaru
Qazlal
Ru
Sif Muna
Trog
Uskayaw
Vehumet
Wu Jian
Xom
Yredelemnul
Zin
The Shining One

Shops:
D:6 ?

Annotations:
D:5 1 runed translucent door, 1 exclusion, Prince Ribbit
D:6 Eustachio
D:7 Joseph


Innate Abilities, Weirdness & Mutations

Your body is rotting away.
You thrive on raw meat.
You are immune to poison.
You have sharp fingernails.
You are carnivorous and can eat meat at any time.
Your flesh is cold resistant. (rC+)
You are immune to negative energy. (rN+++)
You do not regenerate when monsters are visible.
You are immune to unholy pain and torment.
You can survive without breathing.


Message History

Prince Ribbit is severely wounded.
You barely miss Prince Ribbit.
Prince Ribbit is severely wounded.
Prince Ribbit blinks!
Wield which item (- for none, * to show all)? (? for menu, Esc to quit)
Your +0 dagger of freezing stops glowing.
Your +1 shortbow of flaming bursts into flame!
C - a +1 shortbow of flaming (weapon)
Firing (i - inventory)
D - 55 arrows (quivered)
Press: ? - help, Shift-Dir - straight line, f - Prince Ribbit
Aim: Prince Ribbit (severely wounded)
You shoot an arrow. The arrow misses Prince Ribbit.
Firing (i - inventory)
D - 54 arrows (quivered)
Press: ? - help, Shift-Dir - straight line, f/p - Prince Ribbit
Aim: Prince Ribbit (severely wounded)
You shoot an arrow. The arrow misses Prince Ribbit.
Prince Ribbit hits you!!
* * * LOW HITPOINT WARNING * * *
Prince Ribbit closely misses you.
You feel better. Prince Ribbit hits you!
You die...

#.......# #..##............###...
..####### #..###.######....)..###
.## ###..###..## ##.##.###.#. .#
#........#.###..##[####.# .#
#.#..###.##.#.#.#.#.###.#
.########.#..............###....#
.p........##....(.......#.#.#####
################F#########.##
#@#########.# #...........#
#############


You could see Prince Ribbit.

Vanquished Creatures
  Pikel (D:5)
  Duvessa (D:6)
  A slave (D:5)
  A sky beast (D:3)
  2 ice beasts
  An ogre (D:6)
  A centaur (D:6)
  2 bullfrogs (D:6)
  Dowan (D:6)
  3 wights (D:5)
  4 crimson imps
  A hound (D:4)
  4 orc priests
  An orc wizard (D:3)
  4 worker ants
  2 iguanas
  10 adders
  2 shadow imps
  An adder skeleton (D:4)
  3 worms
  2 dart slugs
  A leopard gecko (D:4)
  16 orcs
  3 ball pythons
  13 bats
  3 giant cockroaches
  9 goblins
  4 hobgoblins
  15 jackals
  2 quokkas
  A ball python skeleton (D:4)
  3 frilled lizards
  5 kobolds
  11 rats
134 creatures vanquished.

Vanquished Creatures (others)
  A slave (D:5)
  Blork the orc (D:5)
  An adder zombie (D:5)
  A fungus (D:5)
4 creatures vanquished.

Grand Total: 138 creatures vanquished

Notes
Turn   | Place    | Note
-------+----------+-------------------------------------------
     0 | D:1      | Flaz the Ghoul Fighter began the quest for the Orb.
     0 | D:1      | Reached XP level 1. HP: 19/19 MP: 0/0
   155 | D:1      | Reached XP level 2. HP: 15/26 MP: 1/1
   240 | D:1      | Reached skill level 2 in Short Blades
  1093 | D:2      | Reached XP level 3. HP: 33/33 MP: 2/2
  1114 | D:2      | Found a white marble altar of Elyvilon.
  1116 | D:2      | Found a sacrificial altar of Ru.
  1120 | D:2      | Found a radiant altar of Vehumet.
  1132 | D:2      | Found a glowing silver altar of Zin.
  1585 | D:2      | Reached XP level 4. HP: 36/40 MP: 3/3
  1621 | D:3      | Reached skill level 3 in Short Blades
  1725 | D:3      | Reached skill level 4 in Short Blades
  1725 | D:3      | Reached XP level 5. HP: 29/46 MP: 4/4
  1845 | D:3      | Noticed a sky beast
  1880 | D:3      | Killed a sky beast
  1880 | D:3      | Reached skill level 5 in Short Blades
  1880 | D:3      | Reached XP level 6. HP: 42/52 MP: 5/5
  2686 | D:4      | Reached skill level 6 in Short Blades
  2737 | D:4      | Found a shattered altar of Ashenzari.
  2858 | D:4      | Reached XP level 7. HP: 46/59 MP: 6/6
  3069 | D:5      | Entered Level 5 of the Dungeon
  3093 | D:5      | Noticed Prince Ribbit
  3093 | D:5      | Noticed Blork the orc
  3255 | D:5      | Found a staircase to the Ecumenical Temple.
  3283 | Temple   | Entered the Ecumenical Temple
  3496 | Temple   | Became a worshipper of Warmaster Okawaru
  3543 | D:5      | Noticed Pikel
  3580 | D:5      | Killed Pikel
  3580 | D:5      | Reached * piety under Okawaru
  3580 | D:5      | Reached skill level 8 in Short Blades
  3580 | D:5      | Reached XP level 8. HP: 15/66 MP: 7/7
  3705 | D:5      | Found a runed translucent door.
  3908 | D:5      | Killed Blork the orc
  3943 | D:6      | Found Jebops's Magic Scroll Shop.
  4197 | D:6      | Bought a scroll of remove curse for 39 gold pieces
  4197 | D:6      | Bought a scroll of fog for 26 gold pieces
  4197 | D:6      | Bought a scroll of teleportation for 39 gold pieces
  4197 | D:6      | Bought a scroll of random uselessness for 13 gold pieces
  4545 | D:5      | Reached skill level 9 in Short Blades
  5348 | D:6      | Reached ** piety under Okawaru
  5386 | D:6      | Bought a scroll of torment for 97 gold pieces
  5481 | D:6      | Noticed Duvessa
  5495 | D:6      | Killed Duvessa
  5495 | D:6      | Noticed Dowan
  5601 | D:6      | Killed Dowan
  5678 | D:6      | Reached skill level 10 in Short Blades
  5678 | D:6      | Reached XP level 9. HP: 48/71 MP: 8/8
  5767 | D:6      | Found a shadowy altar of Dithmenos.
  5768 | D:6      | Noticed Eustachio
  6308 | D:7      | Noticed Joseph
  6349 | D:7      | HP: 2/71 [bullfrog (5)]
  6372 | D:7      | HP: 2/71 [hound (5)]
  6678 | D:5      | HP: 1/70 [Prince Ribbit (18)]
  6679 | D:5      | Slain by Prince Ribbit

Skill      XL: |  1  2  3  4  5  6  7  8 |
---------------+-------------------------+-----
Short Blades   | 2 4 5 6 8 10 | 10.5
Armour         | 3 |  3.0
Fighting       | 4 |  4.0
Bows           | |  0.6
Shields        | |  2.6
Invocations    | |  0.1

Action                   |  1- 3 |  4- 6 |  7- 9 || total
-------------------------+-------+-------+-------++-------
Melee: Rapier            |    21 |       |       ||    21
       Dagger            |    87 |   255 |   481 ||   823
       Hand axe          |       |       |     6 ||     6
 Fire: Shortbow          |       |       |    18 ||    18
Invok: Heroism           |       |       |     7 ||     7
  Use: Scroll            |       |       |     7 ||     7
       Potion            |       |       |     4 ||     4
  Eat: Chunk             |     8 |    21 |    35 ||    64
Armor: Scale mail        |    39 |    91 |    44 ||   174
       Robe              |       |       |    11 ||    11
Dodge: Dodged            |    31 |    76 |   112 ||   219
